[ PARTIDA AOE2 · #472677494 ]
UnrankedFrancos vs Teutons
[ ANÁLISIS DE REPETICIÓN · EXTRAÍDO DE LA PARTIDA GRABADA ]
Feudal
—
Castillos
—
Imperial
—
| APM promedio | 18.0 |
| APM pico | 45 |
| eAPM promedio | 11.5 |
| Aldeanos / militares | 94 / 117 |
Foco
⚔️ 31.1% · 🌾 68.9%
Knight ×52 · Throwing Axeman ×22 · Scorpion ×11 · Militia ×10 · Scout Cavalry ×10 · Spearman ×6
Feudal
11:47
Castillos
25:48
Imperial
—
| APM promedio | 28.6 |
| APM pico | 74 |
| eAPM promedio | 17.1 |
| Aldeanos / militares | 127 / 130 |
Foco
⚔️ 44.6% · 🌾 55.4%
Teutonic Knight ×44 · Knight ×37 · Spearman ×20 · Scout Cavalry ×17 · Battering Ram ×8 · Monk ×2
Feudal
9:55
Castillos
22:30
Imperial
54:49
| APM promedio | 30.5 |
| APM pico | 70 |
| eAPM promedio | 13.6 |
| Aldeanos / militares | 87 / 244 |
Foco
⚔️ 38.8% · 🌾 61.2%
Militia ×172 · Boyar ×24 · Scorpion ×22 · Spearman ×15 · Battering Ram ×8 · Trebuchet (Packed) ×3
Feudal
—
Castillos
—
Imperial
—
| APM promedio | 19.5 |
| APM pico | 45 |
| eAPM promedio | 12.0 |
| Aldeanos / militares | 98 / 311 |
Foco
⚔️ 42.0% · 🌾 58.0%
Archer ×185 · Spearman ×104 · Battering Ram ×14 · Militia ×6 · Monk ×2
Mapa de la partida
Recursos iniciales + cada clic de construcción. Líneas = muros · curvas = relieve. ◆ oro · ⬟ piedra · ● bayas · ✦ reliquia · ◌ hueco del cierre
Tu base· ✓ Cerrada en 18:39 · 51t muro · 1 puerta(s)
Base de straker· ✓ Cerrada en 25:48 · 40t muro · 1 puerta(s)
Base de Lapkonium· ✓ Cerrada en 22:30 · 51t muro · 1 puerta(s)
Base de BIGWHITEHOG· Abierta — flanco sin cerrar
Terreno inicial suavizado · ◌ = hueco del cierre detectado · pasá el cursor para detalles
Inputs por minuto
— PinBuckle914816 - - straker
Build order — PinBuckle914816
Primeras 150 de 340 acciones detectadas
| 0:01 | Crear | Villager (Male) |
| 0:01 | Crear | Villager (Male) |
| 0:01 | Crear | Villager (Male) |
| 0:02 | Crear | Villager (Male) |
| 0:04 | Construir | House |
| 0:05 | Construir | House |
| 1:10 | Investigar | Loom |
| 2:05 | Crear | Villager (Male) |
| 2:05 | Crear | Villager (Male) |
| 2:41 | Crear | Villager (Male) |
| 3:47 | Crear | Villager (Male) |
| 3:47 | Crear | Villager (Male) |
| 3:51 | Crear | Villager (Male) |
| 4:07 | Construir | House |
| 4:16 | Construir | House |
| 4:17 | Construir | House |
| 4:46 | Construir | House |
| 4:51 | Construir | House |
| 5:10 | Construir | Palisade Wall |
| 5:15 | Crear | Villager (Male) |
| 5:16 | Crear | Villager (Male) |
| 5:27 | Crear | Villager (Male) |
| 5:29 | Crear | Villager (Male) |
| 7:15 | Crear | Villager (Male) |
| 7:15 | Crear | Villager (Male) |
| 7:16 | Crear | Villager (Male) |
| 7:16 | Crear | Villager (Male) |
| 7:57 | Construir | Lumber Camp |
| 8:09 | Construir | House |
| 8:31 | Construir | Palisade Wall |
| 8:34 | Construir | Palisade Wall |
| 8:49 | Crear | Villager (Male) |
| 8:50 | Crear | Villager (Male) |
| 9:07 | Construir | Mill |
| 9:47 | Construir | Farm |
| 10:27 | Construir | Farm |
| 10:39 | Construir | Farm |
| 10:43 | Construir | Farm |
| 10:56 | Investigar | Feudal Age |
| 10:56 | Investigar | Feudal Age |
| 11:26 | Construir | Farm |
| 11:48 | Construir | Palisade Wall |
| 11:56 | Construir | Palisade Gate |
| 12:05 | Crear | Villager (Male) |
| 12:05 | Crear | Villager (Male) |
| 12:06 | Crear | Villager (Male) |
| 12:15 | Crear | Villager (Male) |
| 12:31 | Construir | Barracks |
| 12:37 | Construir | Palisade Wall |
| 13:13 | Construir | Palisade Wall |
| 13:21 | Construir | Gate |
| 13:26 | Construir | Palisade Wall |
| 13:28 | Construir | Palisade Wall |
| 13:32 | Crear | Villager (Male) |
| 13:33 | Crear | Villager (Male) |
| 13:36 | Construir | Mining Camp |
| 13:41 | Investigar | Double-Bit Axe |
| 13:41 | Investigar | Double-Bit Axe |
| 13:44 | Crear | Villager (Male) |
| 14:02 | Investigar | Town Watch |
| 14:49 | Construir | Blacksmith |
| 15:36 | Construir | Market |
| 16:27 | Crear | Villager (Male) |
| 16:27 | Crear | Villager (Male) |
| 16:27 | Crear | Villager (Male) |
| 16:30 | Crear | Villager (Male) |
| 16:33 | Crear | Spearman |
| 16:33 | Crear | Spearman |
| 16:48 | Construir | Farm |
| 16:51 | Construir | Farm |
| 16:56 | Construir | Farm |
| 17:03 | Construir | Farm |
| 17:06 | Construir | Farm |
| 17:43 | Construir | Mining Camp |
| 17:49 | Investigar | Scale Barding Armor |
| 18:39 | Investigar | Castle Age |
| 18:59 | Construir | Stable |
| 19:00 | Construir | Stable |
| 19:04 | Crear | Spearman |
| 19:05 | Crear | Spearman |
| 19:38 | Construir | Stable |
| 20:44 | Construir | Stable |
| 21:43 | Crear | Knight |
| 21:43 | Crear | Knight |
| 21:43 | Crear | Knight |
| 21:44 | Crear | Knight |
| 21:44 | Crear | Knight |
| 21:44 | Crear | Knight |
| 21:44 | Crear | Knight |
| 21:45 | Crear | Knight |
| 21:50 | Crear | Villager (Male) |
| 21:59 | Crear | Villager (Male) |
| 22:43 | Construir | Farm |
| 22:45 | Construir | Farm |
| 22:47 | Crear | Villager (Male) |
| 22:54 | Construir | Town Center |
| 22:59 | Investigar | Bow Saw |
| 23:20 | Construir | Farm |
| 23:35 | Construir | Farm |
| 23:37 | Crear | Villager (Male) |
| 23:38 | Crear | Villager (Male) |
| 23:47 | Crear | Knight |
| 24:18 | Crear | Villager (Male) |
| 24:18 | Crear | Villager (Male) |
| 24:24 | Crear | Villager (Male) |
| 24:39 | Crear | Villager (Male) |
| 25:16 | Investigar | Scale Barding Armor |
| 25:20 | Construir | Farm |
| 25:26 | Crear | Villager (Male) |
| 25:26 | Crear | Villager (Male) |
| 25:43 | Crear | Knight |
| 25:46 | Crear | Villager (Male) |
| 25:47 | Crear | Villager (Male) |
| 26:06 | Construir | Farm |
| 26:19 | Construir | Castle |
| 26:32 | Construir | Monastery |
| 26:35 | Construir | University |
| 26:39 | Crear | Villager (Male) |
| 26:39 | Crear | Villager (Male) |
| 26:41 | Construir | Farm |
| 26:42 | Crear | Villager (Male) |
| 27:21 | Crear | Villager (Male) |
| 27:22 | Crear | Villager (Male) |
| 27:23 | Construir | Farm |
| 27:25 | Crear | Villager (Male) |
| 27:26 | Crear | Villager (Male) |
| 27:26 | Crear | Villager (Male) |
| 27:53 | Construir | Farm |
| 27:55 | Crear | Knight |
| 27:56 | Crear | Knight |
| 27:56 | Crear | Knight |
| 28:25 | Crear | Spearman |
| 28:25 | Crear | Spearman |
| 28:31 | Construir | Barracks |
| 28:32 | Construir | Barracks |
| 29:07 | Crear | Throwing Axeman |
| 29:08 | Crear | Throwing Axeman |
| 29:08 | Crear | Throwing Axeman |
| 29:08 | Crear | Throwing Axeman |
| 29:08 | Crear | Throwing Axeman |
| 29:09 | Crear | Throwing Axeman |
| 29:09 | Crear | Throwing Axeman |
| 30:07 | Construir | Siege Workshop |
| 30:17 | Construir | House |
| 30:18 | Construir | House |
| 30:24 | Construir | Lumber Camp |
| 30:36 | Crear | Throwing Axeman |
| 30:36 | Crear | Throwing Axeman |
| 30:37 | Crear | Throwing Axeman |
| 30:45 | Crear | Battering Ram |
Build order — straker
Primeras 150 de 402 acciones detectadas
| 0:01 | Crear | Villager (Male) |
| 0:02 | Crear | Villager (Male) |
| 0:02 | Crear | Villager (Male) |
| 0:03 | Crear | Villager (Male) |
| 0:03 | Crear | Villager (Male) |
| 0:08 | Construir | House |
| 0:38 | Construir | House |
| 1:45 | Crear | Villager (Male) |
| 1:45 | Crear | Villager (Male) |
| 1:45 | Crear | Villager (Male) |
| 1:45 | Crear | Villager (Male) |
| 1:45 | Crear | Villager (Male) |
| 2:06 | Crear | Villager (Male) |
| 2:26 | Crear | Villager (Male) |
| 2:40 | Crear | Villager (Male) |
| 3:35 | Crear | Villager (Male) |
| 4:15 | Investigar | Loom |
| 4:22 | Crear | Villager (Male) |
| 5:10 | Crear | Villager (Male) |
| 5:10 | Crear | Villager (Male) |
| 5:10 | Crear | Villager (Male) |
| 5:33 | Crear | Villager (Male) |
| 5:34 | Crear | Villager (Male) |
| 5:43 | Construir | House |
| 5:45 | Construir | Lumber Camp |
| 5:57 | Crear | Villager (Male) |
| 7:22 | Construir | House |
| 7:33 | Crear | Villager (Male) |
| 7:34 | Crear | Villager (Male) |
| 8:01 | Construir | Mill |
| 8:26 | Crear | Villager (Male) |
| 9:12 | Crear | Villager (Male) |
| 9:33 | Investigar | Feudal Age |
| 9:57 | Construir | Barracks |
| 10:33 | Construir | House |
| 10:42 | Construir | Farm |
| 10:45 | Construir | Farm |
| 10:48 | Construir | Farm |
| 10:52 | Construir | Farm |
| 11:28 | Crear | Villager (Male) |
| 11:30 | Crear | Villager (Male) |
| 11:47 | Edad | Edad Feudal |
| 11:50 | Construir | Stable |
| 11:57 | Investigar | Double-Bit Axe |
| 12:01 | Crear | Spearman |
| 12:12 | Construir | Farm |
| 12:15 | Construir | Farm |
| 12:19 | Construir | Farm |
| 12:23 | Construir | Farm |
| 12:32 | Crear | Villager (Male) |
| 12:39 | Construir | Farm |
| 12:40 | Crear | Scout Cavalry |
| 12:57 | Construir | House |
| 13:02 | Crear | Villager (Male) |
| 13:03 | Crear | Villager (Male) |
| 13:07 | Construir | Farm |
| 13:19 | Crear | Scout Cavalry |
| 13:21 | Crear | Scout Cavalry |
| 13:35 | Construir | House |
| 13:39 | Crear | Villager (Male) |
| 13:58 | Crear | Villager (Male) |
| 14:02 | Crear | Scout Cavalry |
| 14:09 | Construir | Lumber Camp |
| 14:28 | Crear | Villager (Male) |
| 14:28 | Crear | Villager (Male) |
| 14:30 | Crear | Scout Cavalry |
| 14:41 | Investigar | Bloodlines |
| 14:42 | Crear | Scout Cavalry |
| 14:48 | Construir | Farm |
| 14:50 | Construir | Farm |
| 14:55 | Construir | Farm |
| 15:27 | Crear | Scout Cavalry |
| 15:43 | Crear | Villager (Male) |
| 15:45 | Crear | Villager (Male) |
| 15:47 | Construir | Farm |
| 15:48 | Construir | Farm |
| 15:53 | Crear | Spearman |
| 15:56 | Crear | Villager (Male) |
| 16:20 | Construir | Farm |
| 16:25 | Crear | Villager (Male) |
| 16:29 | Construir | Blacksmith |
| 16:33 | Construir | Palisade Wall |
| 16:35 | Construir | Palisade Wall |
| 16:39 | Construir | House |
| 16:40 | Construir | House |
| 16:56 | Construir | Farm |
| 17:06 | Construir | Farm |
| 17:07 | Construir | Farm |
| 17:09 | Construir | Farm |
| 17:13 | Crear | Spearman |
| 17:22 | Investigar | Scale Barding Armor |
| 17:24 | Crear | Scout Cavalry |
| 18:01 | Crear | Villager (Male) |
| 18:04 | Construir | Farm |
| 18:12 | Construir | Stable |
| 18:17 | Crear | Villager (Male) |
| 18:19 | Construir | Farm |
| 18:24 | Construir | Farm |
| 18:25 | Construir | Farm |
| 18:26 | Construir | Farm |
| 18:27 | Construir | Farm |
| 18:34 | Construir | Palisade Wall |
| 18:37 | Construir | Palisade Wall |
| 18:40 | Construir | Palisade Gate |
| 18:42 | Crear | Villager (Male) |
| 18:43 | Crear | Villager (Male) |
| 18:47 | Construir | Farm |
| 18:49 | Crear | Scout Cavalry |
| 18:51 | Investigar | Forging |
| 19:17 | Crear | Scout Cavalry |
| 19:17 | Crear | Scout Cavalry |
| 19:19 | Crear | Villager (Male) |
| 19:31 | Construir | House |
| 19:31 | Construir | House |
| 19:36 | Construir | House |
| 19:42 | Investigar | Wheelbarrow |
| 19:58 | Crear | Scout Cavalry |
| 19:58 | Crear | Scout Cavalry |
| 20:02 | Construir | Farm |
| 20:04 | Construir | Farm |
| 20:08 | Investigar | Horse Collar |
| 20:10 | Construir | Farm |
| 20:35 | Crear | Villager (Male) |
| 20:42 | Construir | Farm |
| 20:43 | Construir | Farm |
| 20:44 | Construir | Farm |
| 20:49 | Construir | Palisade Wall |
| 21:58 | Crear | Scout Cavalry |
| 21:59 | Crear | Scout Cavalry |
| 22:01 | Crear | Villager (Male) |
| 22:02 | Crear | Villager (Male) |
| 22:09 | Construir | Market |
| 22:56 | Crear | Villager (Male) |
| 22:59 | Construir | House |
| 23:01 | Construir | House |
| 23:02 | Construir | House |
| 23:07 | Investigar | Castle Age |
| 23:17 | Construir | Farm |
| 23:17 | Construir | Farm |
| 23:18 | Construir | Farm |
| 23:54 | Construir | Mining Camp |
| 24:15 | Construir | Mining Camp |
| 24:34 | Investigar | Stone Mining |
| 24:39 | Crear | Villager (Male) |
| 24:39 | Crear | Villager (Male) |
| 25:05 | Crear | Scout Cavalry |
| 25:05 | Crear | Scout Cavalry |
| 25:18 | Investigar | Gold Mining |
| 25:40 | Crear | Spearman |
| 25:40 | Crear | Spearman |
Build order — Lapkonium
Primeras 150 de 321 acciones detectadas
| 0:02 | Construir | House |
| 0:03 | Crear | Villager (Male) |
| 0:03 | Crear | Villager (Male) |
| 0:03 | Crear | Villager (Male) |
| 0:04 | Construir | House |
| 0:16 | Crear | Villager (Male) |
| 1:30 | Crear | Villager (Male) |
| 1:55 | Construir | Lumber Camp |
| 2:03 | Construir | House |
| 2:08 | Construir | House |
| 2:11 | Crear | Villager (Male) |
| 2:19 | Crear | Villager (Male) |
| 2:49 | Crear | Villager (Male) |
| 3:07 | Crear | Villager (Male) |
| 3:46 | Crear | Villager (Male) |
| 4:25 | Crear | Villager (Male) |
| 4:47 | Crear | Villager (Male) |
| 4:48 | Crear | Villager (Male) |
| 5:36 | Crear | Villager (Male) |
| 6:03 | Crear | Villager (Male) |
| 6:27 | Crear | Villager (Male) |
| 6:30 | Investigar | Loom |
| 6:44 | Construir | Barracks |
| 6:59 | Construir | Barracks |
| 7:40 | Construir | Mill |
| 7:45 | Investigar | Feudal Age |
| 7:57 | Construir | Mining Camp |
| 8:18 | Crear | Militia |
| 8:36 | Construir | House |
| 8:39 | Construir | Palisade Wall |
| 8:43 | Crear | Militia |
| 9:03 | Crear | Militia |
| 9:24 | Crear | Villager (Male) |
| 9:48 | Construir | Palisade Wall |
| 9:52 | Construir | Palisade Wall |
| 9:55 | Edad | Edad Feudal |
| 9:59 | Investigar | Man-at-Arms (upgrade) |
| 10:42 | Construir | House |
| 10:45 | Construir | Palisade Wall |
| 10:49 | Construir | House |
| 10:54 | Crear | Villager (Male) |
| 10:54 | Crear | Villager (Male) |
| 11:42 | Crear | Villager (Male) |
| 11:46 | Investigar | Horse Collar |
| 11:47 | Investigar | Double-Bit Axe |
| 12:14 | Crear | Villager (Male) |
| 12:34 | Construir | Farm |
| 12:37 | Construir | Farm |
| 13:27 | Crear | Villager (Male) |
| 13:27 | Crear | Villager (Male) |
| 13:30 | Construir | Farm |
| 13:31 | Construir | Farm |
| 13:38 | Crear | Villager (Male) |
| 14:23 | Construir | Lumber Camp |
| 14:25 | Construir | Farm |
| 14:26 | Crear | Villager (Male) |
| 14:48 | Crear | Villager (Male) |
| 15:01 | Construir | Farm |
| 15:07 | Crear | Villager (Male) |
| 15:40 | Construir | Farm |
| 15:45 | Construir | Farm |
| 15:47 | Construir | Farm |
| 15:48 | Crear | Villager (Male) |
| 15:54 | Construir | Farm |
| 16:05 | Construir | Palisade Wall |
| 16:09 | Construir | Palisade Gate |
| 16:13 | Construir | Palisade Wall |
| 16:16 | Construir | Palisade Wall |
| 16:20 | Construir | Palisade Wall |
| 16:26 | Crear | Villager (Male) |
| 16:26 | Crear | Villager (Male) |
| 16:30 | Construir | Farm |
| 16:35 | Construir | Farm |
| 16:44 | Construir | Farm |
| 16:53 | Construir | Farm |
| 17:48 | Crear | Villager (Male) |
| 17:48 | Crear | Villager (Male) |
| 17:50 | Crear | Spearman |
| 17:50 | Crear | Spearman |
| 17:56 | Construir | Farm |
| 18:07 | Construir | Blacksmith |
| 18:23 | Construir | Market |
| 18:38 | Construir | Barracks |
| 19:01 | Crear | Spearman |
| 19:12 | Crear | Militia |
| 19:39 | Crear | Militia |
| 19:40 | Crear | Militia |
| 19:50 | Investigar | Castle Age |
| 19:55 | Crear | Militia |
| 19:56 | Crear | Militia |
| 20:20 | Investigar | Scale Mail Armor |
| 20:40 | Crear | Militia |
| 20:40 | Crear | Militia |
| 21:18 | Crear | Spearman |
| 21:18 | Crear | Spearman |
| 21:43 | Crear | Spearman |
| 21:43 | Crear | Spearman |
| 21:56 | Crear | Spearman |
| 21:56 | Crear | Spearman |
| 22:00 | Investigar | Forging |
| 22:30 | Edad | Edad de los Castillos |
| 22:37 | Investigar | Pikeman (upgrade) |
| 22:41 | Construir | Barracks |
| 22:46 | Crear | Villager (Male) |
| 22:47 | Crear | Villager (Male) |
| 23:14 | Crear | Villager (Male) |
| 23:14 | Crear | Villager (Male) |
| 23:37 | Construir | Town Center |
| 23:59 | Crear | Spearman ×5 |
| 24:24 | Investigar | Long Swordsman (upgrade) |
| 24:32 | Construir | Farm |
| 24:42 | Construir | House |
| 24:44 | Construir | House |
| 24:52 | Construir | House |
| 24:57 | Construir | Farm |
| 24:59 | Crear | Villager (Male) |
| 25:00 | Crear | Villager (Male) |
| 25:04 | Construir | Farm |
| 25:06 | Construir | Farm |
| 25:07 | Construir | Farm |
| 25:16 | Crear | Militia ×3 |
| 25:50 | Crear | Militia ×3 |
| 26:00 | Crear | Villager (Male) |
| 26:03 | Crear | Villager (Male) |
| 26:18 | Crear | Militia |
| 26:26 | Crear | Villager (Male) |
| 26:28 | Crear | Villager (Male) |
| 27:20 | Crear | Villager (Male) |
| 27:20 | Crear | Villager (Male) |
| 27:25 | Crear | Militia |
| 27:25 | Crear | Militia |
| 27:39 | Crear | Militia ×5 |
| 27:45 | Crear | Villager (Male) |
| 27:47 | Crear | Villager (Male) |
| 28:09 | Construir | House |
| 28:09 | Construir | House |
| 28:10 | Construir | House |
| 29:24 | Crear | Militia ×5 |
| 29:37 | Construir | Siege Workshop |
| 29:41 | Crear | Villager (Male) |
| 29:42 | Crear | Villager (Male) |
| 29:42 | Crear | Villager (Male) |
| 29:42 | Crear | Villager (Male) |
| 30:09 | Construir | Castle |
| 30:14 | Construir | Mining Camp |
| 30:39 | Crear | Spearman |
| 30:43 | Crear | Militia ×5 |
| 30:54 | Investigar | Chain Mail Armor |
| 30:54 | Investigar | Iron Casting |
| 30:59 | Crear | Villager (Male) |
Build order — BIGWHITEHOG
Primeras 150 de 411 acciones detectadas
| 0:04 | Construir | House |
| 0:05 | Construir | House |
| 0:07 | Construir | House |
| 0:11 | Investigar | Loom |
| 0:12 | Crear | Villager (Male) ×4 |
| 2:02 | Crear | Villager (Male) |
| 2:39 | Crear | Villager (Male) |
| 3:02 | Crear | Villager (Male) |
| 3:34 | Crear | Villager (Male) |
| 3:41 | Crear | Villager (Male) |
| 4:15 | Crear | Villager (Male) |
| 4:26 | Construir | Lumber Camp |
| 4:46 | Crear | Villager (Male) |
| 5:15 | Crear | Villager (Male) |
| 5:43 | Construir | Mill |
| 5:46 | Crear | Villager (Male) |
| 6:18 | Crear | Villager (Male) |
| 7:13 | Crear | Villager (Male) |
| 7:49 | Crear | Villager (Male) |
| 7:53 | Crear | Villager (Male) |
| 8:19 | Construir | House |
| 8:39 | Construir | House |
| 8:40 | Construir | House |
| 8:54 | Crear | Villager (Male) |
| 9:49 | Construir | Barracks |
| 9:52 | Crear | Villager (Male) |
| 10:22 | Construir | Mining Camp |
| 10:49 | Construir | House |
| 10:50 | Construir | House |
| 11:02 | Investigar | Feudal Age |
| 12:03 | Construir | Barracks |
| 12:29 | Crear | Militia |
| 12:30 | Crear | Militia |
| 12:31 | Crear | Militia |
| 13:38 | Construir | Market |
| 14:05 | Construir | Watch Tower |
| 14:26 | Investigar | Man-at-Arms (upgrade) |
| 15:49 | Crear | Villager (Male) |
| 15:49 | Crear | Villager (Male) |
| 15:55 | Construir | Farm |
| 15:59 | Construir | Farm |
| 16:27 | Construir | Farm |
| 16:30 | Crear | Militia |
| 16:31 | Crear | Militia |
| 17:58 | Crear | Villager (Male) |
| 18:23 | Construir | Farm |
| 18:35 | Crear | Militia |
| 18:45 | Construir | Mining Camp |
| 18:47 | Crear | Villager (Male) |
| 19:14 | Crear | Villager (Male) |
| 19:14 | Crear | Villager (Male) |
| 19:43 | Construir | Farm |
| 19:46 | Construir | Farm |
| 19:51 | Construir | Farm |
| 20:13 | Crear | Villager (Male) |
| 20:13 | Crear | Villager (Male) |
| 20:18 | Construir | Farm |
| 20:38 | Investigar | Double-Bit Axe |
| 21:29 | Crear | Spearman |
| 21:30 | Crear | Spearman |
| 21:30 | Crear | Spearman |
| 21:30 | Crear | Spearman |
| 21:34 | Construir | Archery Range |
| 21:39 | Construir | House |
| 22:05 | Crear | Villager (Male) |
| 22:11 | Construir | Farm |
| 22:22 | Crear | Spearman |
| 22:23 | Crear | Spearman |
| 22:40 | Construir | Farm |
| 23:03 | Construir | Farm |
| 23:36 | Crear | Villager (Male) |
| 24:47 | Investigar | Castle Age |
| 24:54 | Crear | Archer |
| 24:58 | Crear | Spearman |
| 24:58 | Crear | Spearman |
| 25:18 | Construir | Farm |
| 25:31 | Crear | Archer |
| 25:47 | Crear | Spearman |
| 25:48 | Crear | Spearman |
| 25:48 | Crear | Spearman |
| 25:48 | Crear | Spearman |
| 26:02 | Crear | Archer |
| 26:06 | Crear | Villager (Male) |
| 26:20 | Crear | Archer |
| 26:50 | Crear | Archer |
| 27:33 | Investigar | Pikeman (upgrade) |
| 27:48 | Crear | Spearman |
| 28:49 | Investigar | Crossbowman (upgrade) |
| 29:30 | Crear | Spearman |
| 29:32 | Crear | Villager (Male) |
| 30:14 | Crear | Archer |
| 30:14 | Crear | Archer |
| 30:15 | Crear | Archer |
| 30:23 | Construir | Archery Range |
| 30:26 | Crear | Archer |
| 30:47 | Crear | Archer |
| 30:51 | Crear | Villager (Male) |
| 30:51 | Crear | Villager (Male) |
| 31:01 | Crear | Archer |
| 31:04 | Crear | Spearman |
| 31:07 | Crear | Archer |
| 31:13 | Construir | House |
| 31:20 | Crear | Villager (Male) |
| 31:30 | Crear | Archer |
| 31:31 | Crear | Archer |
| 31:37 | Crear | Archer |
| 31:38 | Crear | Archer |
| 31:52 | Construir | Blacksmith |
| 31:54 | Crear | Villager (Male) |
| 31:54 | Crear | Villager (Male) |
| 31:54 | Crear | Villager (Male) |
| 32:03 | Crear | Archer |
| 32:03 | Crear | Archer |
| 32:04 | Crear | Archer |
| 32:12 | Construir | House |
| 32:45 | Investigar | Fletching |
| 32:57 | Construir | House |
| 32:58 | Construir | House |
| 33:03 | Crear | Archer |
| 33:04 | Crear | Archer |
| 33:04 | Crear | Archer |
| 33:10 | Crear | Archer |
| 33:11 | Crear | Archer |
| 33:11 | Crear | Archer |
| 33:11 | Crear | Archer |
| 33:14 | Construir | House |
| 33:41 | Crear | Villager (Male) |
| 33:41 | Crear | Villager (Male) |
| 33:46 | Crear | Villager (Male) |
| 33:46 | Crear | Villager (Male) |
| 34:06 | Construir | House |
| 34:13 | Crear | Archer |
| 34:13 | Crear | Archer |
| 34:13 | Crear | Archer |
| 34:35 | Crear | Archer |
| 34:35 | Crear | Archer |
| 34:37 | Crear | Spearman |
| 34:38 | Crear | Spearman |
| 34:45 | Construir | Farm |
| 35:06 | Crear | Villager (Male) |
| 35:07 | Crear | Villager (Male) |
| 35:19 | Construir | Siege Workshop |
| 35:23 | Crear | Villager (Male) |
| 35:24 | Crear | Villager (Male) |
| 35:33 | Crear | Archer |
| 35:34 | Crear | Archer |
| 35:34 | Crear | Archer |
| 35:51 | Crear | Villager (Male) |
| 35:51 | Crear | Villager (Male) |
| 36:11 | Construir | University |
Cronología de la partida
| 5:10 | PinBuckle914816 · wall_segment Palisade Wall x3 |
| 6:44 | Lapkonium · first_building Barracks |
| 8:31 | PinBuckle914816 · wall_segment Palisade Wall x9 |
| 8:34 | PinBuckle914816 · wall_segment Palisade Wall x22 |
| 8:39 | Lapkonium · wall_segment Palisade Wall x13 |
| 9:48 | Lapkonium · wall_segment Palisade Wall x5 |
| 9:49 | BIGWHITEHOG · first_building Barracks |
| 9:52 | Lapkonium · wall_segment Palisade Wall x5 |
| 9:55 | Lapkonium · age_up feudal |
| 9:57 | straker · first_building Barracks |
| 10:45 | Lapkonium · wall_segment Palisade Wall x6 |
| 11:47 | straker · age_up feudal |
| 11:48 | PinBuckle914816 · wall_segment Palisade Wall x5 |
| 11:50 | straker · first_building Stable |
| 12:31 | PinBuckle914816 · first_building Barracks |
| 12:37 | PinBuckle914816 · wall_segment Palisade Wall x1 |
| 13:13 | PinBuckle914816 · wall_segment Palisade Wall x7 |
| 13:26 | PinBuckle914816 · wall_segment Palisade Wall x4 |
| 13:28 | PinBuckle914816 · wall_segment Palisade Wall x1 |
| 14:22 | BIGWHITEHOG · first_market_buy 100 food |
| 16:05 | Lapkonium · wall_segment Palisade Wall x7 |
| 16:13 | Lapkonium · wall_segment Palisade Wall x5 |
| 16:16 | Lapkonium · wall_segment Palisade Wall x5 |
| 16:20 | Lapkonium · wall_segment Palisade Wall x6 |
| 16:33 | straker · wall_segment Palisade Wall x6 |
| 16:35 | straker · wall_segment Palisade Wall x6 |
| 18:34 | straker · wall_segment Palisade Wall x6 |
| 18:37 | straker · wall_segment Palisade Wall x11 |
| 18:59 | PinBuckle914816 · first_building Stable |
| 19:44 | Lapkonium · first_market_buy 100 food |
| 19:49 | Lapkonium · first_market_sell 100 wood |
| 20:49 | straker · wall_segment Palisade Wall x12 |
| 21:34 | BIGWHITEHOG · first_building Archery Range |
| 22:30 | Lapkonium · age_up castle |
| 23:05 | straker · first_market_sell 100 food |
| 23:14 | BIGWHITEHOG · first_market_sell 100 stone |
| 25:48 | straker · age_up castle |
| 26:13 | PinBuckle914816 · first_market_buy 100 stone |
| 26:19 | PinBuckle914816 · first_building Castle |
| 26:32 | PinBuckle914816 · first_building Monastery |
| 28:09 | straker · tribute_sent a jugador 2 |
| 28:09 | straker · tribute_sent a jugador 3 |
| 28:09 | straker · tribute_sent a jugador 4 |
| 28:42 | straker · first_building Castle |
| 29:37 | Lapkonium · first_building Siege Workshop |
| 30:07 | PinBuckle914816 · first_building Siege Workshop |
| 30:09 | Lapkonium · first_building Castle |
| 30:11 | straker · tribute_sent a jugador 2 |
| 30:11 | straker · tribute_sent a jugador 3 |
| 30:11 | straker · tribute_sent a jugador 4 |
| 35:19 | BIGWHITEHOG · first_building Siege Workshop |
| 40:24 | BIGWHITEHOG · first_building Castle |
| 41:00 | PinBuckle914816 · first_market_sell 100 wood |
| 41:10 | straker · first_building Siege Workshop |
| 48:03 | Lapkonium · first_building Stable |
| 52:21 | straker · first_building Monastery |
| 54:44 | BIGWHITEHOG · first_building Monastery |
| 54:49 | Lapkonium · age_up imperial |
| 56:11 | straker · first_market_buy 100 wood |
| 56:24 | PinBuckle914816 · wall_segment Palisade Wall x5 |
| 59:39 | PinBuckle914816 · wall_segment Palisade Wall x11 |
| 59:42 | PinBuckle914816 · wall_segment Palisade Wall x8 |
| 63:59 | PinBuckle914816 · wall_segment Palisade Wall x8 |
| 64:14 | Lapkonium · tribute_sent a jugador 1 |
| 64:14 | Lapkonium · tribute_sent a jugador 3 |
| 64:14 | Lapkonium · tribute_sent a jugador 4 |
| 66:41 | Lapkonium · resign |
[ ANÁLISIS IA · 1 CRÉDITO ]
¿Qué pasó realmente en esta partida?
Wolo.gg analiza cada decisión: build order, eco, micro, errores típicos por bracket. Análisis personalizado por WhatsApp o Discord en 30 segundos.
Guía civ
Francos
Perfil
Jugador #22257596